[Event "Early-Titled-Tuesday-Blitz-February-06-2024"]
[Site "Chess.com"]
[Date "2024.02.06"]
[Round "10"]
[White "DonJuanEGenaro"]
[Black "Bkmzzzzz"]
[Result "0-1"]
[WhiteElo "2062"]
[BlackElo "2386"]
[TimeControl "180+1"]
[EndTime "9:54:02 PST"]
[Termination "Bkmzzzzz won on time"]

1. d4 d5 2. Nf3 e6 3. e3 Nf6 4.
c4 dxc4 5. Bxc4 c5 6. Nc3 a6 7.
a3 Be7 8. O-O O-O 9. Qe2 cxd4 10. exd4 b5 11. Ba2 Bb7 12. Bg5 Nbd7 13. Rfe1 Re8 14. Rad1 Nb6 15. Ne5 Nfd5 16. Nxf7 Bxg5 17. Nxg5 Qxg5 18. Ne4 Qe7 19. Nc5 Bc6 20. Qg4 Kh8 21. Rxe6 Qc7 22. Rde1 Nf6 23. Qh4 Rxe6 24. Nxe6 Qd7 25.
Ng5 Bd5 26. Bb1 Bg8 0-1

[Event "Early-Titled-Tuesday-Blitz-February-06-2024"]
[Site "Chess.com"]
[Date "2024.02.06"]
[Round "10"]
[White "Gravity_Chess"]
[Black "SaqoChess_Twitch"]
[Result "1-0"]
[WhiteElo "2850"]
[BlackElo "2618"]
[TimeControl "180+1"]
[EndTime "9:54:04 PST"]
[Termination "Gravity_Chess won by resignation"]

1. c4 Nf6 2. Nc3 e6 3. e4 c6 4. e5 Ng8 5. Nf3 d5 6. exd6 Bxd6 7. d4 Nf6 8. Bg5 O-O 9. Bd3 Be7 10. Qc2 h6 11. h4 c5 12. dxc5 Na6 13. O-O-O Qa5 14.
a3 Nxc5 15. g4 Nxd3+ 16. Qxd3 Rd8 17. Qc2 Rxd1+ 18. Nxd1 hxg5 19. hxg5 g6 20. gxf6 Bxf6 21. Nc3 Bxc3 22. Qxc3 Qxc3+ 23. bxc3 b6 24. Ne5 Ba6 25. g5 Kg7 26. Rd1 Rc8 27. Rd7 Rc5 28. f4 Bxc4 29. Rxf7+ Kg8 30. Rxa7 Bd5 31. Kd2 Be4 32. c4 Bf5 33. Kc3 Kf8 34. Nd7+ Ke8 35. Nxc5 bxc5 36. Ra5 Kd7 37. Rxc5 Kd6 38. Kd4 Bc2 39. Ra5 Kc7 40.
Ra6 Bf5 41. Ke5 Kd7 42. Rd6+ Kc7 43. c5 Bg4 44. a4 Bf5 45. a5 Bg4 46. Rxe6 Bf5 47.
Rf6 Bd3 48. f5 gxf5 49. g6 f4 50. g7 Bc4 51. Rxf4 Bb3 52. Rf6 Bc4 53. Re6 Kb7 54. g8=Q Bxe6 55. Qxe6 Ka8 56. Qf7 Kb8 57. Kd6 1-0

[Event "Early-Titled-Tuesday-Blitz-February-06-2024"]
[Site "Chess.com"]
[Date "2024.02.06"]
[Round "10"]
[White "mkllnd1517"]
[Black "APOKALIPSA13"]
[Result "1-0"]
[WhiteElo "2355"]
[BlackElo "2210"]
[TimeControl "180+1"]
[EndTime "9:54:07 PST"]
[Termination "mkllnd1517 won by resignation"]

1. Nf3 e5 2. Nxe5 Nc6 3. Nxc6 dxc6 4. d4 Bd6 5. e4 f5 6. e5 Be7 7. Bc4 g6 8. O-O b5 9. Bb3 a5 10. a4 b4 11. Be3 Ba6 12. Re1 Bg5 13. Qf3 Bxe3 14.
Qxc6+ Kf8 15. fxe3 Qe8 16. Qxc7 Ne7 17. Nd2 Kg7 18. Nf3 h6 19. d5 Rc8 20. Qxa5 Bb7 21.
Qxb4 Bxd5 22. Bxd5 Nxd5 23. Qd4 Rd8 24. c4 Nb4 25. Qc3 Qe7 26. e6+ Kh7 27. e4 Rd3 28. Qe5 Nc2 29. exf5 Nxa1 30. fxg6+ Kg8 31. Rxa1 Qd6 32.
Qf6 Rd1+ 33. Rxd1 Qxd1+ 34. Kf2 Qc2+ 35. Kg3 Rh7 36. gxh7+ Kxh7 37. Qf7+ Kh8 38. e7 Qe2 39. e8=Q+ 1-0

[Event "Early-Titled-Tuesday-Blitz-February-06-2024"]
[Site "Chess.com"]
[Date "2024.02.06"]
[Round "10"]
[White "Licancabur"]
[Black "Kaissa10"]
[Result "1-0"]
[WhiteElo "2411"]
[BlackElo "2300"]
[TimeControl "180+1"]
[EndTime "9:54:10 PST"]
[Termination "Licancabur won by resignation"]

1. d4 d5 2. Bg5 Nd7 3. c4 c6 4. cxd5 cxd5 5. Nc3 Ngf6 6. e3 e6 7. Bd3 Be7 8. Nf3 h6 9. Bh4 O-O 10. h3 a6 11. O-O b5 12. Bg3 Bb7 13. a4 b4 14. Na2 Rc8 15. Nc1 a5 16. Nb3 Ne4 17.
Bxe4 dxe4 18. Nfd2 Bd5 19. Rc1 Qb6 20. Qe2 Nb8 21.
Bxb8 Qxb8 22. Nxa5 Qa7 23. Nac4 Qxa4 24. Nb6 Qa2 25.
Nxc8 1-0

[Event "Early-Titled-Tuesday-Blitz-February-06-2024"]
[Site "Chess.com"]
[Date "2024.02.06"]
[Round "10"]
[White "MaxLeto"]
[Black "cthake"]
[Result "1-0"]
[WhiteElo "2443"]
[BlackElo "1810"]
[TimeControl "180+1"]
[EndTime "9:54:10 PST"]
[Termination "MaxLeto won on time"]

1. g4 d5 2. Bg2 c6 3. h3 e5 4. d4 e4 5. c4 h5 6. g5 Ne7 7.
Nc3 g6 8. Bf4 Bg7 9. e3 O-O 10.
Nge2 Qb6 11. Qc2 Be6 12. c5 Qd8 13. b4 a6 14. a4 Nf5 15. h4 Nd7 16. Kd2 Re8 17.
Ng3 Nxg3 18. fxg3 Bf5 19. b5 Nf8 20. bxc6 bxc6 21. a5 Ne6 22. Rhb1 Nxf4 23. gxf4 Re7 24. Rb6 Rc7 25. Rab1 Qd7 26. Bf1 Kh7 27. Rxa6 Rca7 28. Rxa7 Rxa7 29. a6 Qc7 30. Rb6 Bc8 31. Qa4 Bd7 32.
Qb4 Bf8 33. Rb7 Rxb7 34. Qxb7 Qc8 35. Na4 Be7 36. Nb6 Qxb7 37. axb7 1-0

[Event "Early-Titled-Tuesday-Blitz-February-06-2024"]
[Site "Chess.com"]
[Date "2024.02.06"]
[Round "10"]
[White "Juwen"]
[Black "VitaliyBernadskiy"]
[Result "1-0"]
[WhiteElo "2628"]
[BlackElo "2908"]
[TimeControl "180+1"]
[EndTime "9:54:13 PST"]
[Termination "Juwen won by resignation"]

1. d4 e6 2. e4 d5 3. exd5 exd5 4. Nf3 Nc6 5. Bd3 Bg4 6. c3 Bd6 7. h3 Bh5 8. O-O Nge7 9. Re1 Qd7 10. Nbd2 f6 11. b4 O-O-O 12. b5 Nb8 13. Qa4 a6 14. Rb1 Bg6 15. Bxg6 hxg6 16. c4 dxc4 17. Nxc4 Nd5 18. Bd2 Rh5 19. Rec1 Rdh8 20. Nxd6+ Qxd6 21. bxa6 Qxa6 22. Qc2 Rf5 23. Qe4 Qd6 24. Nh4 Rfh5 25. Nxg6 Rd8 26. Qg4+ 1-0

[Event "Early-Titled-Tuesday-Blitz-February-06-2024"]
[Site "Chess.com"]
[Date "2024.02.06"]
[Round "10"]
[White "GelmanAlexander"]
[Black "edgarhay012"]
[Result "0-1"]
[WhiteElo "2766"]
[BlackElo "2567"]
[TimeControl "180+1"]
[EndTime "9:54:13 PST"]
[Termination "edgarhay012 won by resignation"]

1. c4 e5 2. e3 Nf6 3. a3 c6 4. b4 d5 5. Bb2 Nbd7 6. Nf3 Bd6 7.
d4 e4 8. Nfd2 O-O 9. g4 dxc4 10.
Nxc4 Bc7 11. Nbd2 Re8 12. h4 Nb6 13. Ne5 Bxe5 14. dxe5 Nxg4 15. Nxe4 Nd5 16. Qf3 Nxe5 17. Qg3 Ng4 18. Bd3 f5 19. Nd6 f4 20. Nxe8 fxg3 21. Nxg7 gxf2+ 22. Ke2 Ndxe3 23. Nh5 Bf5 24. Bxf5 Nxf5 25.
Rad1 Qe8+ 26. Kf3 Qxh5 0-1

[Event "Early-Titled-Tuesday-Blitz-February-06-2024"]
[Site "Chess.com"]
[Date "2024.02.06"]
[Round "10"]
[White "vishwa_vijeta"]
[Black "Agibileg"]
[Result "1-0"]
[WhiteElo "2601"]
[BlackElo "2741"]
[TimeControl "180+1"]
[EndTime "9:54:15 PST"]
[Termination "vishwa_vijeta won by resignation"]

1. e4 e5 2. Nf3 Nc6 3. d4 exd4 4. Bc4 Nf6 5. Ng5 Ne5 6. Qxd4 Nxc4 7. Qxc4 d5 8. exd5 Qxd5 9. Qe2+ Be7 10. O-O Bg4 11.
f3 Bf5 12. Re1 O-O-O 13. Qxe7 Rhe8 14. Qb4 Bxc2 15. Rxe8 Rxe8 16. Nc3 Re1+ 17. Kf2 Qe5 18. Bf4 Ng4+ 19. fxg4 Re2+ 20. Nxe2 Qf6 21. Qf8+ 1-0

[Event "Early-Titled-Tuesday-Blitz-February-06-2024"]
[Site "Chess.com"]
[Date "2024.02.06"]
[Round "10"]
[White "Levanzovsky"]
[Black "PepeCuenca"]
[Result "0-1"]
[WhiteElo "2514"]
[BlackElo "2690"]
[TimeControl "180+1"]
[EndTime "9:54:16 PST"]
[Termination "PepeCuenca won by resignation"]

1. d4 Nf6 2. c4 g6 3. Nc3 Bg7 4. e4 d6 5. Nf3 O-O 6. h3 e5 7. d5 Nh5 8. g3 Na6 9. Be2 f5 10. exf5 gxf5 11. Nxe5 Nxg3 12. fxg3 dxe5 13. Be3 f4 14.
Bf2 Bf5 15. gxf4 exf4 16. Rg1 Bg6 17. Bd3 Re8+ 18. Kf1 Qd7 19. Qf3 Re3 20. Bxe3 Bxd3+ 21. Ke1 fxe3 22. Rd1 Bg6 23. Ne4 Qe7 24. Ng5 Qb4+ 25. Ke2 Qxb2+ 26. Kxe3 Rf8 0-1

[Event "Early-Titled-Tuesday-Blitz-February-06-2024"]
[Site "Chess.com"]
[Date "2024.02.06"]
[Round "10"]
[White "Asteroxylon"]
[Black "BeardedNM"]
[Result "1-0"]
[WhiteElo "2363"]
[BlackElo "2219"]
[TimeControl "180+1"]
[EndTime "9:54:19 PST"]
[Termination "Asteroxylon won by resignation"]

1. e4 e6 2. d4 d5 3. Bd3 dxe4 4.
Bxe4 Nf6 5. Bf3 c5 6. Ne2 Nc6 7.
Be3 cxd4 8. Nxd4 Ne5 9. Nc3 Bb4 10. Nb5 O-O 11. Qxd8 Nxf3+ 12. gxf3 Rxd8 13. Nc7 Rb8 14. Bxa7 Bd7 15. Bxb8 Rxb8 16. O-O-O Bxc3 17. bxc3 Rc8 18.
Rd6 Rxc7 19. Rhd1 Kf8 20. c4 Ke7 21. Rb6 Bc8 22. Rd4 Nd7 23. Rb5 f6 24. f4 e5 25.
fxe5 Nxe5 26. c5 Bd7 27. Rb6 Bc6 28. f4 Nf3 29. Rd3 Nxh2 30. Rh3 Ng4 31. Rxh7 Kf7 32. Rh4 f5 33. Rh5 g6 34. Rh7+ 1-0

[Event "Early-Titled-Tuesday-Blitz-February-06-2024"]
[Site "Chess.com"]
[Date "2024.02.06"]
[Round "10"]
[White "PawnEatingZombie"]
[Black "GMT4114"]
[Result "0-1"]
[WhiteElo "2184"]
[BlackElo "1991"]
[TimeControl "180+1"]
[EndTime "9:54:20 PST"]
[Termination "GMT4114 won by resignation"]

1. e4 e6 2. d4 d5 3. exd5 exd5 4. Bf4 Bd6 5. Qd2 Nf6 6. Nc3 c6 7. O-O-O O-O 8. f3 Qc7 9. Bxd6 Qxd6 10. g4 Nbd7 11.
h4 b5 12. Nh3 Nb6 13. Qf4 Ne8 14. h5 Nc4 15. Bxc4 bxc4 16. Qxd6 Nxd6 17. h6 g6 18. Nf4 Bd7 19. Na4 Nb7 20. Rde1 Rfe8 21. Kd2 Kf8 22. Kc3 a5 23. b3 cxb3 24. axb3 Rxe1 25.
Rxe1 Re8 26. Rxe8+ Kxe8 27. Nd3 f6 28. Nf4 Kf7 29. Nc5 Nxc5 30. dxc5 g5 31. Nh5 Kg6 32. Ng3 Kxh6 33. Kb2 Kg6 34. Ka3 f5 35. gxf5+ Bxf5 36. c3 h5 37. Ka4 h4 38. Nh1 Bh3 39. Kxa5 Bg2 40. Nf2 Bxf3 41. Kb6 g4 42. Kxc6 g3 43. Nh3 d4+ 44. Kd6 dxc3 0-1

[Event "Early-Titled-Tuesday-Blitz-February-06-2024"]
[Site "Chess.com"]
[Date "2024.02.06"]
[Round "10"]
[White "Sina_Movahed"]
[Black "vi_pranav"]
[Result "1-0"]
[WhiteElo "3045"]
[BlackElo "3057"]
[TimeControl "180+1"]
[EndTime "9:54:22 PST"]
[Termination "Sina_Movahed won by resignation"]

1. e4 e5 2. Nf3 Nc6 3. d4 exd4 4. Nxd4 Bc5 5. Be3 Qf6 6. c3 Nge7 7. Be2 d6 8. O-O O-O 9. Kh1 Qg6 10. Nd2 Ne5 11. f4 Ng4 12. Bg1 Nf6 13. f5 Qh6 14. Rf3 Nd7 15.
Rg3 Qf6 16. Be3 h6 17. N2f3 Ne5 18. Qd2 Kh7 19. Rh3 Kg8 20. Rg1 Ng4 21. Rf1 Nxe3 22. Qxe3 Nc6 23. g4 Re8 24. g5 hxg5 25. Nxg5 Nxd4 26.
cxd4 Bxd4 27. Qg3 Bxf5 28. Rxf5 Qg6 29. Bh5 1-0

[Event "Early-Titled-Tuesday-Blitz-February-06-2024"]
[Site "Chess.com"]
[Date "2024.02.06"]
[Round "10"]
[White "TigrVShlyape"]
[Black "Mikhail_Golubev"]
[Result "1-0"]
[WhiteElo "2945"]
[BlackElo "2654"]
[TimeControl "180+1"]
[EndTime "9:54:22 PST"]
[Termination "TigrVShlyape won by resignation"]

1. d4 Nf6 2. Bf4 d6 3. Nf3 Nbd7 4.
h3 g6 5. c3 Bg7 6. Nbd2 O-O 7. e4 e5 8. dxe5 dxe5 9. Be3 b6 10.
Qc2 Bb7 11. Bc4 Qe7 12. b4 a5 13. Rb1 axb4 14. cxb4 Ra3 15. O-O Rfa8 16. Ng5 Rf8 17. Rfd1 c6 18. Bb3 h6 19. Nxf7 Rxf7 20. Bxf7+ Qxf7 21. Nc4 Ra7 22. a4 Ba6 23. Nd6 Qe6 24. Qxc6 Bf8 25. b5 Nb8 26. Qxb6 1-0

[Event "Early-Titled-Tuesday-Blitz-February-06-2024"]
[Site "Chess.com"]
[Date "2024.02.06"]
[Round "10"]
[White "KhungThep"]
[Black "Kapitan_Bayan"]
[Result "1-0"]
[WhiteElo "2576"]
[BlackElo "2379"]
[TimeControl "180+1"]
[EndTime "9:54:23 PST"]
[Termination "KhungThep won by resignation"]

1. d4 d5 2. c4 dxc4 3. Nf3 Nf6 4. e3 e6 5. Bxc4 c5 6. O-O a6 7. Qe2 b5 8. Bd3 Bb7 9. Rd1 Qb6 10. a4 c4 11. Bc2 Nbd7 12. e4 Be7 13. axb5 axb5 14. Rxa8+ Bxa8 15. Nc3 Bb4 16. d5 Bxc3 17. bxc3 e5 18.
Ba3 Bb7 19. Bb4 Ng8 20. Ra1 f6 21. Nh4 Ne7 22. Qg4 g6 23. g3 Kf7 24. Qxd7 Bc8 25.
Qxe7+ 1-0

[Event "Early-Titled-Tuesday-Blitz-February-06-2024"]
[Site "Chess.com"]
[Date "2024.02.06"]
[Round "10"]
[White "BallottiLuca"]
[Black "Brahianzevich"]
[Result "1-0"]
[WhiteElo "2370"]
[BlackElo "2427"]
[TimeControl "180+1"]
[EndTime "9:54:23 PST"]
[Termination "BallottiLuca won by resignation"]

1. d4 d5 2. c4 e6 3. Nc3 Bb4 4.
e3 Nf6 5. a3 Bxc3+ 6. bxc3 O-O 7. cxd5 exd5 8. Bd3 c5 9. Ne2 Nc6 10. O-O Bg4 11. f3 Bh5 12. Nf4 cxd4 13. Nxh5 Nxh5 14. cxd4 Re8 15. Rb1 Qd7 16. Qb3 b6 17. Bd2 Nf6 18.
Rfc1 Qe6 19. Bb5 Rec8 20. Ba6 Rc7 21. e4 Nxd4 22. Qa4 Nc6 23. Bf4 Rac8 24. Bxc7 Rxc7 25. Bb5 dxe4 26. Rxc6 Rxc6 27. Bxc6 exf3 28. Bxf3 g6 29. Qb3 Qe5 30. Rc1 Qe3+ 31. Qxe3 1-0

[Event "Early-Titled-Tuesday-Blitz-February-06-2024"]
[Site "Chess.com"]
[Date "2024.02.06"]
[Round "10"]
[White "Ati1517"]
[Black "Balla_Tamas"]
[Result "0-1"]
[WhiteElo "2263"]
[BlackElo "2409"]
[TimeControl "180+1"]
[EndTime "9:54:24 PST"]
[Termination "Balla_Tamas won by resignation"]

1. e4 c5 2. Nf3 Nc6 3. d4 cxd4 4. Nxd4 e5 5. Nb5 d6 6. N1c3 a6 7. Na3 b5 8. Nd5 Nge7 9. c3 Nxd5 10. exd5 Ne7 11. c4 Nf5 12. cxb5 Be7 13. bxa6 O-O 14. Bd3 Nd4 15. Be3 Qa5+ 16. Qd2 Qxd5 17. O-O Bh3 18.
f3 Bd7 19. Be4 Qe6 20. Bxa8 Rxa8 21. Bxd4 exd4 22. Rae1 Qf6 23. Qd3 Bf5 24. Qb5 Bf8 25. Qb7 Qd8 26. Nb5 d3 27. Nc7 Rc8 28. Re8 Qxc7 29. Rxc8 Qxc8 30. g4 Qc5+ 31. Kg2 Bc8 32. Qb8 Bxa6 33. Re1 d2 34. Re8 d5 35. Qb3 Bf1+ 36.
Kxf1 Qc1+ 37. Ke2 Qe1+ 38. Kd3 d1=Q+ 0-1

[Event "Early-Titled-Tuesday-Blitz-February-06-2024"]
[Site "Chess.com"]
[Date "2024.02.06"]
[Round "10"]
[White "FM_VS99"]
[Black "Jojo_898"]
[Result "1-0"]
[WhiteElo "2616"]
[BlackElo "2459"]
[TimeControl "180+1"]
[EndTime "9:54:28 PST"]
[Termination "FM_VS99 won by resignation"]

1. d4 Nf6 2. g3 d5 3. Bg2 e6 4. c4 Ne4 5. Nf3 Be7 6. O-O O-O 7.
Bf4 c6 8. Nfd2 f5 9. f3 Nf6 10. Be3 Nbd7 11. Nc3 e5 12. cxd5 cxd5 13. Kh1 e4 14.
Qb3 Nb6 15. fxe4 fxe4 16. Ndxe4 Kh8 17. Nxf6 Bxf6 18. Rad1 Re8 19. Bf4 Bg4 20. a4 Bxe2 21.
Nxe2 Rxe2 22. a5 Nc4 23. Qxb7 Nxb2 24. Rb1 Bxd4 25. Bxd5 Rc8 26. Bg5 Rcc2 27. Bg2 Rxg2 28. Qxg2 Rxg2 29. Bxd8 1-0

[Event "Early-Titled-Tuesday-Blitz-February-06-2024"]
[Site "Chess.com"]
[Date "2024.02.06"]
[Round "10"]
[White "Orphanator2009"]
[Black "xberli"]
[Result "1/2-1/2"]
[WhiteElo "2466"]
[BlackElo "2557"]
[TimeControl "180+1"]
[EndTime "9:54:29 PST"]
[Termination "Game drawn by agreement"]

1. e4 e5 2. Nf3 Nc6 3. Bb5 Nge7 4. O-O g6 5. d4 exd4 6. Nxd4 Bg7 7. Nxc6 Nxc6 8.
Nc3 O-O 9. Be3 Re8 10. Bxc6 bxc6 11. Bd4 d6 12. Bxg7 Kxg7 13. Qd4+ Qf6 14. Rfd1 Qxd4 15. Rxd4 c5 16. Rd2 Rb8 17. b3 Bb7 18. f3 Bc6 19.
Nd5 Bxd5 20. Rxd5 a5 21. Rad1 a4 22. e5 axb3 23. axb3 Rxe5 24. Rxe5 dxe5 25. Rd5 c4 26. bxc4 Kf6 27. Rc5 Rb2 28. Rxc7 Rxc2 29. Rc6+ Kf5 30.
Rc7 f6 31. Rxh7 Rxc4 32. Rf7 Rc2 33. Rf8 Kg5 34. Ra8 f5 35. Ra4 Re2 36. Kf1 Rb2 37.
Rc4 Kf6 38. Rc6+ Kg5 39. Rc4 Kh5 40. Rc6 Rb5 41. Kf2 g5 42. Rf6 f4 43. h3 Rb2+ 44.
Kg1 Re2 45. Kh2 e4 46. fxe4 Rxe4 47. Rf8 Re2 48. Kg1 Kh4 49. Kh2 Kh5 50. Rf6 Rb2 51. Kg1 Ra2 52. Rf8 Kg6 53. Re8 Ra1+ 54. Kf2 Ra2+ 55.
Re2 Ra3 56. Rc2 Kh5 57. Rc7 Ra2+ 1/2-1/2

[Event "Early-Titled-Tuesday-Blitz-February-06-2024"]
[Site "Chess.com"]
[Date "2024.02.06"]
[Round "10"]
[White "Eagle_2019"]
[Black "tptagain"]
[Result "0-1"]
[WhiteElo "2868"]
[BlackElo "2957"]
[TimeControl "180+1"]
[EndTime "9:54:32 PST"]
[Termination "tptagain won by resignation"]

1. d4 d5 2. Nf3 e6 3. c4 c6 4. Qc2 dxc4 5. Qxc4 Nf6 6. g3 b5 7. Qc2 Bb7 8. Bg2 Nbd7 9. O-O c5 10. dxc5 Bxc5 11. a4 Rc8 12. Qd3 b4 13. Nbd2 O-O 14.
Nb3 Be4 15. Qd2 Bd5 16. Nxc5 Nxc5 17. Qxb4 Nb3 18. Rb1 a5 19. Qe1 Be4 20. Bf4 Bxb1 21. Qxb1 Qd7 22. Be5 Qxa4 23. Ng5 Nd2 24. Qd3 Rfd8 25.
Qa6 Nxf1 26. Qb7 Qd7 27. Qxd7 Nxd7 28. Bf4 e5 0-1

[Event "Early-Titled-Tuesday-Blitz-February-06-2024"]
[Site "Chess.com"]
[Date "2024.02.06"]
[Round "10"]
[White "Alen_Yeremyann"]
[Black "Cheer_Down"]
[Result "1-0"]
[WhiteElo "2719"]
[BlackElo "2518"]
[TimeControl "180+1"]
[EndTime "9:54:34 PST"]
[Termination "Alen_Yeremyann won by resignation"]

1. e4 e6 2. g3 d5 3. Bg2 dxe4 4. Bxe4 Nf6 5. Bg2 c5 6. Ne2 Nc6 7. O-O Be7 8. c3 O-O 9. d4 cxd4 10. cxd4 Nb4 11.
Nbc3 Nbd5 12. Nf4 b6 13. Nfxd5 Nxd5 14. Nxd5 exd5 15. Be3 Bf5 16. Re1 Rc8 17. Qa4 a5 18. a3 Rc2 19. Qb3 Rc4 20. Rac1 Be6 21. Rxc4 dxc4 22.
Qb5 Qd7 23. Qxd7 Bxd7 24. d5 b5 25. Bb6 Bd8 26. Bc5 Re8 27. Rxe8+ Bxe8 28. Bh3 g6 29. Bc8 Bf6 30. d6 Bxb2 31. d7 Bxd7 32. Bxd7 c3 33. Bd4 b4 34. axb4 axb4 35. Ba4 Bc1 36. Kf1 h5 37.
Ke2 Kh7 38. Kd3 f5 39. Kc4 Ba3 40. Bc5 h4 41. Bxb4 Bxb4 42. Kxb4 hxg3 43. hxg3 Kh6 44. Kxc3 Kg5 45. Be8 f4 46. gxf4+ Kxf4 47. Kd2 g5 48.
Bh5 g4 49. Bxg4 Kxg4 50. Ke3 Kg5 51. Ke4 Kg6 52. Ke5 1-0

[Event "Early-Titled-Tuesday-Blitz-February-06-2024"]
[Site "Chess.com"]
[Date "2024.02.06"]
[Round "10"]
[White "SouS007"]
[Black "banhgiahuy2606"]
[Result "0-1"]
[WhiteElo "2516"]
[BlackElo "2689"]
[TimeControl "180+1"]
[EndTime "9:54:34 PST"]
[Termination "banhgiahuy2606 won by resignation"]

1. e4 e6 2. d4 d5 3. Nc3 Bb4 4. exd5 exd5 5. Bd3 Nf6 6. Nf3 O-O 7. O-O Bg4 8. h3 Bh5 9. Bg5 c6 10. Re1 Nbd7 11. Re5 Nxe5 12. dxe5 h6 13. Bxf6 gxf6 14. Qd2 Kg7 15. Qf4 Bxc3 16. bxc3 Bg6 17. Re1 Re8 18. h4 fxe5 19. Nxe5 Qf6 20. Qg3 Kh7 21. f4 Bxd3 22. Qxd3+ Kh8 23. Qd4 Kg8 24. Re3 Qxh4 25. Qd3 Rxe5 26. fxe5 Kh8 27. Rh3 Qg5 28. Qd4 Rg8 29.
e6+ Kh7 30. Qd3+ f5 31. Qe2 Qc1+ 32. Kh2 Qf4+ 33. Kg1 Qe4 34. Re3 Rxg2+ 35. Kf1 Rxe2 36. Rxe2 Qh1+ 37. Kf2 Qh4+ 38. Kf1 Qe7 39. Kf2 Kg6 40. Kf3 Kf6 41. Rh2 Kxe6 42. Re2+ Kf6 0-1

[Event "Early-Titled-Tuesday-Blitz-February-06-2024"]
[Site "Chess.com"]
[Date "2024.02.06"]
[Round "10"]
[White "DinaBelenkaya"]
[Black "NikitaShnadrygin"]
[Result "1-0"]
[WhiteElo "2445"]
[BlackElo "2645"]
[TimeControl "180+1"]
[EndTime "9:54:36 PST"]
[Termination "DinaBelenkaya won by resignation"]

1. Nf3 Nf6 2. g3 g6 3. Bg2 Bg7 4. d3 O-O 5. Nbd2 d5 6. O-O Nc6 7. c3 a5 8. a4 Nd7 9. e4 dxe4 10. Nxe4 b6 11. d4 Bb7 12. Re1 h6 13. Bf4 g5 14. Bc1 e6 15. h4 g4 16. Nh2 f5 17.
Nd2 e5 18. dxe5 Ndxe5 19. Qb3+ Kh8 20. Nc4 Nxc4 21. Qxc4 Ne5 22. Qb5 Bxg2 23. Kxg2 Nd3 24. Rd1 f4 25. Qxd3 f3+ 26. Kg1 Qe8 27. Bf4 Rxf4 28. gxf4 Qe7 29. Qg6 Rg8 30. Qh5 g3 31. fxg3 Qe3+ 32. Kh1 f2 33. Qf3 Qc5 1-0

[Event "Early-Titled-Tuesday-Blitz-February-06-2024"]
[Site "Chess.com"]
[Date "2024.02.06"]
[Round "10"]
[White "Kotlyar_K"]
[Black "ScofieldMichael01"]
[Result "1-0"]
[WhiteElo "2506"]
[BlackElo "2619"]
[TimeControl "180+1"]
[EndTime "9:54:37 PST"]
[Termination "Kotlyar_K won by checkmate"]

1. d4 Nf6 2. c4 g6 3. g3 Bg7 4.
Bg2 O-O 5. Nc3 d6 6. Nf3 Nc6 7. d5 Na5 8. b3 Nxd5 9. Nxd5 c6 10. Bd2 Bxa1 11. Nxe7+ Qxe7 12. Qxa1 b6 13. O-O f6 14.
Nd4 Bb7 15. e4 c5 16. Nb5 a6 17. Nc3 Bc6 18. Re1 Nb7 19. Nd5 Bxd5 20. exd5 Qf7 21.
Bh3 f5 22. Bg2 Rfe8 23. Re6 Re7 24. Bg5 Ree8 25. h4 Rab8 26. h5 Rbc8 27. Qc3 Rc7 28. h6 Rcc8 29. Bf3 b5 30. Kg2 bxc4 31. bxc4 a5 32.
Qb2 Rb8 33. Qc3 a4 34. Rf6 Qd7 35. Bd1 Na5 36. Bxa4 Qxa4 37. Rxg6+ hxg6 38. Qg7# 1-0

[Event "Early-Titled-Tuesday-Blitz-February-06-2024"]
[Site "Chess.com"]
[Date "2024.02.06"]
[Round "10"]
[White "Djager97"]
[Black "viniciusrego"]
[Result "1/2-1/2"]
[WhiteElo "2618"]
[BlackElo "2470"]
[TimeControl "180+1"]
[EndTime "9:54:38 PST"]
[Termination "Game drawn by agreement"]

1. e4 c5 2. Nf3 Nc6 3. d4 cxd4 4. Nxd4 g6 5. Nc3 Bg7 6. Be3 Nf6 7. Nxc6 bxc6 8. e5 Ng8 9. Bd4 Nh6 10. e6 O-O 11. Bxg7 Kxg7 12. exd7 Qxd7 13. Qxd7 Bxd7 14. O-O-O Be6 15. Be2 c5 16. Bf3 Rad8 17. Nd5 Bxd5 18. Bxd5 Nf5 19. c3 Rd6 20. Bc4 Rfd8 21. Rxd6 exd6 22.
Re1 d5 23. Bd3 Kf6 24. Bxf5 gxf5 25. f4 h5 26. Kc2 h4 27. Kd3 Rg8 28. Re2 Rg4 29.
Ke3 Ke6 30. Kf3+ Kd6 31. Re5 h3 32. g3 Rg8 33. Rxf5 Rb8 34. b3 c4 35. bxc4 dxc4 36. Rh5 Rb2 37. Rxh3 Rxa2 38. Ke4 Rd2 39. Rh6+ Ke7 40.
Ra6 Rxh2 41. Rxa7+ Ke6 42. Ra6+ Ke7 43. f5 Rc2 44.
f6+ Ke8 45. Kd4 Rg2 46. Kxc4 Rxg3 47. Kb5 Rxc3 48. Kb4 Rc1 49. Rd6 Rc7 50. Rd5 Rc6 51. Re5+ Re6 52. Rxe6+ fxe6 53. Kc5 Kf7 54. Kd4 Kxf6 55.
Ke4 Ke7 56. Ke5 Kd7 1/2-1/2

[Event "Early-Titled-Tuesday-Blitz-February-06-2024"]
[Site "Chess.com"]
[Date "2024.02.06"]
[Round "10"]
[White "ccccvhhhj"]
[Black "xakevicius91"]
[Result "0-1"]
[WhiteElo "2448"]
[BlackElo "2611"]
[TimeControl "180+1"]
[EndTime "9:54:38 PST"]
[Termination "xakevicius91 won by resignation"]

1. e4 c5 2. Nf3 a6 3. b4 cxb4 4. a3 b3 5. cxb3 Nf6 6. e5 Nd5 7.
d4 d6 8. Bd3 e6 9. O-O b5 10. Bg5 Be7 11. Bxe7 Qxe7 12. Nbd2 Bb7 13. Ne4 dxe5 14. dxe5 O-O 15. Nd6 Ra7 16. Qc2 f5 17. Qc5 Ra8 18. Rac1 Nd7 19. Qd4 Rab8 20. Rc7 Nxc7 21.
Qa7 Bxf3 22. Qxc7 Bd5 23. b4 Qd8 24. Qc3 Rc8 25. Nxc8 Qxc8 26. Qd4 Qc7 27. Re1 Rc8 28. h3 Qc3 29. Qe3 Qxa3 30. Rd1 Qxb4 31. Bxf5 Qc3 32. Bd3 Qxe5 33. Qg3 Qxg3 34. fxg3 Nf6 0-1

[Event "Early-Titled-Tuesday-Blitz-February-06-2024"]
[Site "Chess.com"]
[Date "2024.02.06"]
[Round "10"]
[White "ProChessWICTH"]
[Black "CarlosjPineror"]
[Result "0-1"]
[WhiteElo "2518"]
[BlackElo "2706"]
[TimeControl "180+1"]
[EndTime "9:54:39 PST"]
[Termination "CarlosjPineror won on time"]

1. e4 c5 2. Nf3 e6 3. Bd3 Nc6 4. O-O Qc7 5. c3 Nf6 6. Bc2 d5 7. exd5 Nxd5 8. d4 Bd7 9. Re1 cxd4 10. Nxd4 Nxd4 11. Qxd4 O-O-O 12. Qxa7 Bc5 13. Qa8+ Qb8 14. Qxb8+ Kxb8 15. Nd2 f6 16. Ne4 Ba7 17. a3 Bc6 18. c4 Ne7 19. Nc3 e5 20. Kf1 Bd4 21. Ne2 Bb6 22.
b4 h5 23. b5 Bd7 24. Be3 Ba5 25. Red1 Be6 26. Bb3 Nf5 27. Rac1 Nxe3+ 28. fxe3 Rxd1+ 29. Rxd1 Bb6 30. e4 Bc5 31. a4 Bg4 32. Rd5 b6 33. h3 Be6 34. Rd1 h4 35. Nc1 Bd4 36.
Ne2 Bc5 37. Rd3 Rc8 38. Rd1 Bb4 39. Rc1 Rd8 40. Kf2 Rd3 41. Bc2 Ra3 42. Rd1 Bc5+ 43.
Kf1 Bxc4 0-1

[Event "Early-Titled-Tuesday-Blitz-February-06-2024"]
[Site "Chess.com"]
[Date "2024.02.06"]
[Round "10"]
[White "abhidabhi"]
[Black "DenLaz"]
[Result "1-0"]
[WhiteElo "2927"]
[BlackElo "3046"]
[TimeControl "180+1"]
[EndTime "9:54:44 PST"]
[Termination "abhidabhi won on time"]

1. e4 c5 2. Nf3 e6 3. Nc3 Nc6 4.
h3 a6 5. d4 cxd4 6. Nxd4 Qc7 7.
Nxc6 bxc6 8. Bd3 d5 9. O-O Nf6 10. Re1 Be7 11. Qe2 O-O 12. Bd2 Bb7 13. e5 Nd7 14. Na4 c5 15. c4 dxc4 16. Be4 Rfd8 17. Bxb7 Qxb7 18. Ba5 Rdc8 19. Rad1 Bf8 20. Qxc4 Qb5 21.
Qe4 c4 22. Nc3 Qxa5 23. Rxd7 Bb4 24. Qf4 Rf8 25. Re3 Bxc3 26. Rxc3 Qxa2 27. Rf3 Qb1+ 28.
Kh2 Qg6 29. Qxc4 Rab8 30. b3 Qg5 31. Qc7 h6 32. Rdxf7 Rxf7 33. Qxb8+ 1-0